 Dungeon Crawl Stone Soup version 0.28.0-47-ge53b351184 (webtiles) character file.

Game seed: 7858254680272725552

223 bnorton916 the Magician (level 5, 0/28 HPs)
             Began as a Deep Elf Venom Mage on May 10, 2022.
             Slain by a lemure (7 damage)
             ... led by Pikel
             ... on level 3 of the Dungeon.
             The game lasted 00:07:48 (5514 turns).

bnorton916 the Magician (Deep Elf Venom Mage)       Turns: 5514, Time: 00:07:48

Health: 0/28       AC:  5    Str:  5    XL:     5   Next: 66%
Magic:  0/14       EV: 12    Int: 22    God:
Gold:   98         SH:  0    Dex: 15    Spells: 4/14 levels left

rFire   . . .      SeeInvis .   (no weapon)
rCold   . . .      Faith    .   (no shield)
rNeg    . . .      Spirit   .   m - +0 robe {Will+}
rPois   +          Reflect  .   l - +0 helmet
rElec   .          Harm     .   g - +0 cloak
rCorr   .          Rampage  .   a - +0 pair of gloves
Will    +....                   (no boots)
Stlth   ++........              (no amulet)
HPRegen 0.09/turn               f - ring of poison resistance
MPRegen 0.14/turn               (no ring)

@: no status effects
A: no striking features
a: no special abilities


You were on level 3 of the Dungeon.
You visited 1 branch of the dungeon, and saw 4 of its levels.

You collected 98 gold pieces.

Inventory:

Missiles
 s - 6 boomerangs
Armour
 a - a +0 pair of gloves (worn)
 g - a +0 cloak (worn)
 l - a +0 helmet (worn)
 m - a +0 robe of willpower (worn)
 p - a +0 leather armour
Jewellery
 f - a ring of poison resistance (left hand)
Scrolls
 b - 4 scrolls of enchant weapon {unknown}
 c - a scroll of teleportation {unknown}
 d - 5 scrolls of identify {unknown}
 i - a scroll of vulnerability {unknown}
 j - a scroll of immolation {unknown}
Potions
 e - 3 potions of curing {unknown}
 h - a potion of heal wounds {unknown}
 k - 2 potions of degeneration {unknown}
 n - a potion of ambrosia {unknown}
 o - a potion of brilliance {unknown}
 q - a potion of cancellation {unknown}
 r - 2 potions of resistance {unknown}
 t - a potion of lignification {unknown}


   Skills:
 - Level 2.4 Dodging
 - Level 2.4 Stealth
 + Level 5.0 Spellcasting
 + Level 1.4 Conjurations
 - Level 2.9 Transmutations
 + Level 1.3 Air Magic
 + Level 4.8 Poison Magic


You had 4 spell levels left.
You knew the following spells:

 Your Spells              Type           Power      Damage    Failure   Level
a - Sting                 Tmut/Pois      88%        1d7       1%          1
b - Poisonous Vapours     Pois/Air       38%        N/A       4%          2
c - Mephitic Cloud        Conj/Pois/Air  16%        N/A       11%         3
d - Olgreb's Toxic Radia  Pois           26%        N/A       14%         4

Your spell library contained the following spells:

 Spells                   Type           Power      Damage    Failure   Level
 Passwall                 Tmut/Erth      9%         N/A       9%          2
 Ensorcelled Hibernation  Hex/Ice        10%        N/A       16%         2
 Swiftness                Air            11%        N/A       19%         3


Dungeon Overview and Level Annotations

Branches:
Dungeon (4/15)
 Temple: D:4-7

Altars:

Annotations:
D:4 Pikel


Message History

Casting: Sting (safe; 1% risk of failure)
Confirm with . or Enter, or press ? or * to list all spells.
Aiming: Sting (safe; 1% risk of failure)
Press: ? - help, Shift-Dir - straight line, f - lemure
Aim: a lemure (70% to hit)
The sting hits the lemure.
The lemure is poisoned.
The lemure is lightly wounded.
The lemure hits you. The lemure barely misses you.
Casting: Sting (safe; 1% risk of failure)
Confirm with . or Enter, or press ? or * to list all spells.
Aiming: Sting (safe; 1% risk of failure)
Press: ? - help, Shift-Dir - straight line, f/p - lemure
Aim: a lemure (lightly wounded, poisoned, 70% to hit)
The sting hits the lemure but does no damage.
The lemure looks even sicker.
The lemure is lightly wounded.
The lemure hits you but does no damage. x2
Casting: Sting (safe; 1% risk of failure)
Confirm with . or Enter, or press ? or * to list all spells.
You don't have enough magic to cast this spell.
Unknown command.
Casting: Sting (safe; 1% risk of failure)
Confirm with . or Enter, or press ? or * to list all spells.
You don't have enough magic to cast this spell.
Unknown command.
You closely miss the lemure.
The lemure is lightly wounded.
The lemure hits you. The lemure hits you but does no damage.
You barely miss the lemure.
The lemure is lightly wounded.
You kill the lemure!
That felt strangely unrewarding.
The lemure hits you.
Unknown command.
You closely miss the lemure.
The lemure is moderately wounded.
The lemure hits you.
* * * LOW HITPOINT WARNING * * *
Your magical contamination has completely faded away.
The lemure hits you!
You die...

#.############.# ♣♣♣# #####
#.# #.# ♣PP♣
#...###.############.##♣♣.♣♣
..#....................♣.P.♣
..#.......##.####.##.##♣..♣♣
#####.#.#.##.## #.##..#♣..P♣
..#...#...P...###.###.##♣.♣#
#.#.#.P.P♣...PP.5.......#.#
#...#..♣♣♣♣.♣P♣P@.###.#.#.#
####.[♣♣ ♣♣♣.♣(...# #.#.#.#
#..P♣♣♣P.P..##.###.#.#.#
##...♣♣.♣.####.........#
#......######.###.#.####
###....................#
###..#######........##.#
#....# #.........#># #.##.#
#...........#


You could see a lemure (very poisoned).

Vanquished Creatures
  2 lemures
  A hound (D:3)
  2 orc priests (D:2)
  Jessica (D:2)
  5 adders
  A worm (D:2)
  4 dart slugs
  3 orcs
  7 bats
  4 endoplasms
  6 goblins
  3 hobgoblins
  3 kobolds (D:1)
  2 quokkas
  6 ball pythons
  5 frilled lizards
  2 rats (D:1)
57 creatures vanquished.

Vanquished Creatures (others)
  A plant (D:3)
1 creature vanquished.

Grand Total: 58 creatures vanquished

Notes
Turn   | Place    | Note
-------+----------+-------------------------------------------
     0 | D:1      | bnorton916 the Deep Elf Venom Mage began the quest for the
                  | Orb.
     0 | D:1      | Reached XP level 1. HP: 10/10 MP: 6/6
   130 | D:1      | Found a faded altar of an unknown god.
   621 | D:1      | Reached XP level 2. HP: 12/15 MP: 1/8
   726 | D:1      | Learned a level 2 spell: Poisonous Vapours
  1574 | D:2      | Noticed Jessica
  1578 | D:2      | Killed Jessica
  1579 | D:2      | Reached XP level 3. HP: 19/19 MP: 5/10
  1583 | D:2      | Learned a level 3 spell: Mephitic Cloud
  1810 | D:2      | Reached skill level 4 in Spellcasting
  2218 | D:2      | Reached XP level 4. HP: 21/24 MP: 1/12
  2851 | D:2      | Learned a level 4 spell: Olgreb's Toxic Radiance
  3124 | D:2      | Reached XP level 5. HP: 19/28 MP: 7/14
  4159 | D:3      | Reached skill level 1 in Conjurations
  4159 | D:3      | Reached skill level 1 in Air Magic
  4842 | D:4      | Reached skill level 5 in Spellcasting
  5441 | D:4      | Noticed a lemure
  5461 | D:4      | Killed a lemure
  5496 | D:4      | Noticed a lemure
  5498 | D:4      | Noticed a lemure
  5504 | D:4      | Noticed Pikel
  5512 | D:3      | Killed a lemure
  5514 | D:3      | Slain by a lemure

Illustrated notes

Levels and vault maps discovered:
D:1:      matt_arrival_grand_opening, layout_loops_corners,
          hellmonk_ecumenical_altar_prayer_group
D:2:      layout_loops_cross, minmay_pentomino_p4, uniq_jessica
D:3:      layout_loops_ring, serial_forest, infiniplex_forest_end_2,
          infiniplex_forest_end_2, infiniplex_forest_clump_long,
          infiniplex_forest_corner_1, infiniplex_forest_end_1,
          minmay_crystal_water, grunt_ministairs_10
D:4:      layout_cave_pools, nicolae_overflow_squiral,
          mainiacjoe_overflow_alcove_4, minmay_increasing_density, uniq_pikel,
          uniq_robin

Skill      XL: |  1  2  3  4  5 |
---------------+----------------+-----
Transmutations | 2 |  2.9
Poison Magic   | 4 |  4.8
Spellcasting   | 4 5 |  5.0
Conjurations   | 1 |  1.4
Air Magic      | 1 |  1.3
Dodging        | |  2.4
Stealth        | |  2.4

Action                   |  1- 3 |  4- 6 || total
-------------------------+-------+-------++-------
Melee: Unarmed           |     2 |     9 ||    11
 Cast: Sting             |    42 |    63 ||   105
       Poisonous Vapours |    18 |    26 ||    44
Armor: Robe              |     7 |    20 ||    27
Dodge: Dodged            |    14 |    41 ||    55
